Map: Crimson Research Lab LE

Players

Nyck - Winner!

  • Race: Terran Terran
  • Spawn Location: 5:00

Ekelpack - Winner!

  • Race: Zerg Zerg
  • Spawn Location: 5:00

DDIN

  • Race: Terran Terran
  • League: Gold
  • Spawn Location: 11:00

startophone

  • Race: Terran Terran
  • League: Platinum
  • Spawn Location: 11:00

VOD

Have the link to the VOD?

Description

Time

  • Played on: Nov. 27, 2024, 3:23 p.m.
  • Length: 13:46
Show
View Real Time Build Order
Export as new Build Order

Nyck Terran - Winner!

Build Orders:  

Get SALT Encoding   

  12  0:00  SCV  
  13  0:12  SCV  
  14  0:18  Supply Depot  
  14  0:24  SCV  
  15  0:40  SCV  
  15  0:41  Barracks  
  16  0:45  Refinery  
  16  0:52  SCV  
  17  1:04  SCV  
  18  1:16  SCV  
  19  1:29  Reaper  
  19  1:31  Barracks  
  19  1:32  Orbital Command  
  20  1:37  Supply Depot  
  20  1:59  Barracks  
  20  2:00  Supply Depot  
  20  2:02  SCV  
  21  2:09  Barracks Reactor  
  21  2:16  SCV  
  22  2:26  Barracks Tech Lab  
  22  2:28  Supply Depot, SCV, Refinery  
  23  2:40  SCV  
  24  2:47  Combat Shield  
  24  2:52  SCV  
  24  2:53  Barracks Reactor  
  24  2:56  Marine  
  24  2:57  Marine  
  27  3:03  Supply Depot  
  27  3:14  Command Center  
  27  3:21  SCV  
  27  3:23  Marine  
  27  3:24  Marine  
  27  3:25  Supply Depot  
  30  3:33  SCV  
  31  3:45  SCV  
  31  3:48  Marine x4  
  32  3:49  Marine  
  37  3:57  SCV  
  38  4:05  Stimpack  
  38  4:09  SCV  
  40  4:17  Marine x3  
  40  4:18  Marine x2  
  40  4:23  SCV  
  44  4:36  Refinery  
  44  4:37  SCV  
  45  4:42  Marine x3  
  45  4:43  Marine x2  
  50  4:49  Engineering Bay  
  50  4:56  Engineering Bay  
  50  4:57  SCV  
  51  5:04  Orbital Command  
  51  5:09  SCV  
  52  5:17  Terran Infantry Weapons Level 1  
  52  5:25  Factory  
  52  5:27  Terran Infantry Armor Level 1  
  52  5:28  SCV  
  53  5:30  SCV  
  53  5:35  Refinery  
  54  5:40  SCV  
  54  5:42  SCV  
  56  5:47  Marine x3  
  56  5:48  Marine x2  
  61  5:52  SCV  
  62  5:57  Barracks  
  62  5:58  Barracks  
  62  6:04  SCV  
  62  6:05  SCV  
  64  6:15  Command Center  
  64  6:16  SCV  
  64  6:17  SCV, Marine  
  67  6:25  Starport, Factory Reactor  
  67  6:29  SCV x2  
  69  6:41  SCV  
  69  6:42  SCV  
  69  6:45  Marine x2  
  69  6:46  Marine, Barracks  
  74  6:47  Marine  
  74  6:49  Barracks, Barracks Reactor  
  74  6:50  Barracks Reactor  
  75  6:59  Armory  
  75  7:07  Starport  
  75  7:11  Medivac  
  77  7:18  Medivac  
  77  7:19  Supply Depot  
  77  7:20  SCV x2  
  77  7:21  Marine  
  77  7:22  Marine x2  
  84  7:23  Marine  
  85  7:31  Marine x3  
  85  7:32  Marine  
  85  7:33  Marine x2  
  91  7:42  Supply Depot  
  91  7:43  Supply Depot  
  91  7:45  Starport Reactor  
  91  7:46  Terran Infantry Armor Level 2, Terran Infantry Weapons Level 2  
  91  7:49  Medivac  
  91  7:50  Medivac  
  95  7:56  Barracks Reactor x2  
  95  8:00  SCV  
  95  8:01  SCV  
  95  8:05  Supply Depot x2  
  97  8:11  Command Center  
  97  8:23  SCV x2  
  99  8:27  Supply Depot  
  99  8:34  Supply Depot  
  99  8:36  Terran Vehicle And Ship Armor Level 1  
  99  8:38  SCV x2  
  99  8:40  Orbital Command  
  101  8:49  Supply Depot  
  101  8:50  SCV  
  101  8:53  SCV  
  101  8:54  Marine x3  
  101  8:55  Marine x7  
  113  9:01  Medivac x2  
  117  9:05  Medivac  
  117  9:07  Refinery  
  119  9:11  Supply Depot  
  119  9:14  SCV x3  
  119  9:16  Marine x5, Refinery  
  127  9:30  Marine  
  128  9:37  Marine x4  
  128  9:38  Marine x8  
  140  9:44  Supply Depot  
  140  9:48  Marine  
  141  9:53  SCV x3  
  141  9:55  Marine x4  
  141  9:57  Marine  
  141  9:58  Marine x7  
  156  10:04  Supply Depot  
  156  10:06  Supply Depot, Marine  
  157  10:08  Terran Infantry Weapons Level 3  
  157  10:13  Terran Infantry Armor Level 3, Marine x2  
  159  10:22  Orbital Command  
  159  10:38  Marine x7  
  159  10:39  Marine x4  
  159  10:40  Marine  
  159  10:42  Medivac  
  173  10:48  SCV  
  174  10:52  SCV x3, Command Center  
  177  11:00  SCV  
  177  11:02  Terran Vehicle And Ship Armor Level 2  
  178  11:04  Medivac x3  
  178  11:06  Marine x10  
  178  11:07  Marine x3  
  197  11:19  Missile Turret  
  197  11:20  Missile Turret  
  197  11:24  Marine  
  198  11:29  Marine x3  
  195  11:41  Missile Turret  
  190  11:48  Marine  
  190  11:49  Marine x12  
  141  12:06  Marine  
  141  12:07  Marine x12  
  146  12:24  Marine x3  
  146  12:25  Marine x10  
  159  12:36  SCV x3  
  162  12:42  Marine x6  
  162  12:43  Marine x7  
  175  12:48  SCV  
  157  13:00  Marine x9  
  157  13:01  Marine x4  
  162  13:17  Marine  
  162  13:18  Marine x7  
Show
View Real Time Build Order
Export as new Build Order

Ekelpack Zerg - Winner!

Build Orders: Hatch First 

Get SALT Encoding   

  12  0:00  Drone  
  13  0:13  Overlord  
  13  0:18  Drone  
  14  0:31  Drone  
  15  0:43  Drone  
  15  0:49  Hatchery  
  15  1:04  Spawning Pool  
  15  1:07  Drone  
  15  1:11  Extractor  
  14  1:13  Drone  
  14  1:18  Drone  
  16  1:21  Drone  
  17  1:30  Drone  
  18  1:53  Queen, Zergling x2  
  21  2:03  Drone x2  
  21  2:06  Drone  
  24  2:12  Queen  
  26  2:18  Metabolic Boost  
  26  2:23  Drone  
  26  2:28  Overlord  
  27  2:40  Zergling x2  
  28  2:47  Spine Crawler  
  27  2:52  Lair  
  27  2:54  Zergling x4  
  27  2:55  Zergling x2  
  30  2:58  Drone  
  31  3:07  Drone x4  
  35  3:20  Overlord  
  35  3:22  Drone  
  35  3:24  Extractor  
  35  3:28  Drone  
  36  3:38  Extractor  
  35  3:42  Drone  
  35  3:43  Drone x4  
  35  3:45  Extractor  
  39  3:53  Drone x4  
  43  4:02  Overlord  
  43  4:07  Spire  
  40  4:28  Drone x3  
  43  4:31  Overlord  
  43  4:32  Overlord  
  43  4:40  Drone  
  43  4:43  Zergling x8  
  43  4:44  Zergling x2  
  49  4:47  Overlord  
  49  4:48  Drone  
  49  4:49  Drone  
  51  4:54  Overlord  
  51  5:19  Mutalisk x3  
  51  5:20  Mutalisk x6  
  69  5:26  Mutalisk  
  71  5:29  Mutalisk  
  71  5:33  Zerg Flyer Weapons Level 1  
  73  5:56  Drone x2, Hatchery  
  74  5:59  Overlord  
  74  6:07  Queen  
  76  6:25  Mutalisk  
  76  6:26  Mutalisk x5  
  88  6:36  Drone  
  88  6:37  Drone x3  
  88  6:38  Overlord x2  
  92  6:54  Overlord  
  92  6:56  Drone  
  92  6:57  Extractor  
  92  7:00  Overlord  
  92  7:18  Infestation Pit  
  91  7:23  Drone x4  
  91  7:24  Drone x4  
  91  7:27  Zerg Flyer Armor Level 1  
  93  7:36  Mutalisk x5  
  103  7:48  Extractor  
  102  7:56  Hive  
  102  8:01  Evolution Chamber  
  101  8:09  Drone x6  
  107  8:13  Zergling x2  
  107  8:14  Zergling x12  
  107  8:15  Zergling x10  
  107  8:18  Evolution Chamber  
  118  8:26  Pneumatized Carapace  
  118  8:38  Overlord x2  
  118  8:39  Overlord  
  118  8:45  Zerg Melee Weapons Level 1  
  118  8:46  Zerg Ground Armor Level 1  
  118  8:52  Mutalisk  
  118  8:53  Overlord x2, Mutalisk x4  
  128  9:21  Queen  
  115  10:09  Adrenal Glands  
  115  10:10  Ultralisk Cavern  
  114  10:24  Drone  
  114  10:25  Drone  
  114  10:28  Drone x3  
  119  10:29  Overlord x3  
  119  10:47  Overlord  
  119  10:59  Ultralisk  
  119  11:00  Ultralisk x6  
  119  11:01  Ultralisk  
  167  11:04  Overlord x2  
  167  11:07  Chitinous Plating  
  167  11:10  Hatchery  
  163  11:33  Ultralisk x2  
  163  11:34  Zergling x10  
  163  11:35  Zergling x2  
  136  12:06  Ultralisk x3  
  136  12:07  Zergling x8  
  122  12:18  Zergling x6  
  116  12:29  Drone x4  
  121  12:30  Drone  
  121  12:34  Anabolic Synthesis  
  115  12:52  Zergling x2, Ultralisk x3  
  123  13:09  Zergling x10  
  123  13:11  Drone x2  
  136  13:16  Extractor  
  136  13:18  Drone x3, Extractor  
Show
View Real Time Build Order
Export as new Build Order

DDIN Terran 

Build Orders: 2 Factory, Mech 

Get SALT Encoding   

  12  0:01  SCV  
  13  0:13  SCV  
  14  0:18  Supply Depot  
  14  0:26  SCV  
  15  0:40  SCV  
  15  0:41  Barracks  
  16  0:55  SCV  
  17  0:59  Refinery  
  17  1:09  SCV  
  18  1:18  Refinery  
  19  1:28  Orbital Command, Marine  
  19  1:46  Marine  
  20  1:55  Command Center  
  20  1:56  SCV  
  21  2:04  Marine  
  22  2:09  Supply Depot  
  22  2:11  SCV  
  23  2:28  Factory  
  23  2:30  SCV  
  23  2:32  Marine  
  25  2:43  SCV  
  26  2:51  Factory  
  26  2:54  Supply Depot  
  26  2:56  Engineering Bay  
  26  2:57  SCV  
  27  3:10  SCV  
  28  3:20  Refinery  
  28  3:22  SCV  
  28  3:26  Refinery  
  29  3:27  Missile Turret  
  29  3:28  Factory Tech Lab  
  29  3:33  Orbital Command  
  29  3:35  SCV  
  30  3:55  SCV  
  31  3:57  Factory Tech Lab  
  31  3:58  Siege Tank  
  31  4:00  SCV  
  35  4:07  SCV  
  36  4:12  SCV  
  37  4:19  SCV  
  37  4:20  Siege Tank  
  41  4:25  SCV  
  42  4:31  SCV  
  42  4:33  Starport  
  42  4:35  Factory  
  42  4:37  SCV  
  44  4:40  Mag-Field Accelerator  
  44  4:43  SCV  
  44  4:44  Armory  
  45  4:49  SCV, Siege Tank  
  49  5:03  SCV x2  
  49  5:06  Siege Tank  
  54  5:13  Factory  
  54  5:15  Starport Reactor  
  54  5:25  Factory Tech Lab  
  54  5:34  Terran Vehicle Weapons Level 1  
  54  5:39  Supply Depot  
  54  5:41  Supply Depot  
  54  5:44  Missile Turret  
  54  6:00  SCV x2, Siege Tank  
  59  6:04  Refinery  
  59  6:05  Refinery  
  59  6:12  SCV x2  
  59  6:14  Viking x2  
  63  6:24  Missile Turret  
  63  6:25  Missile Turret  
  62  6:31  Missile Turret  
  62  6:32  Missile Turret  
  62  6:33  Missile Turret  
  62  6:36  Armory  
  62  6:44  Viking x2  
  66  6:55  Missile Turret  
  66  6:58  Command Center  
  66  6:59  Missile Turret  
  66  7:09  Factory Tech Lab  
  66  7:11  SCV x2  
  66  7:14  Viking  
  70  7:20  Supply Depot  
  70  7:22  Supply Depot  
  70  7:26  Refinery  
  70  7:27  Refinery  
  70  7:31  Terran Vehicle And Ship Armor Level 1  
  70  7:32  Terran Vehicle Weapons Level 2  
  70  7:41  Viking  
  70  7:42  SCV x2  
  74  7:44  Viking  
  74  7:45  Thor  
  82  7:54  SCV x2  
  84  8:00  Supply Depot  
  84  8:06  SCV x2  
  84  8:09  Thor  
  92  8:22  Thor  
  92  8:23  Thor  
  104  8:30  Orbital Command  
  104  8:35  SCV x2  
  106  8:47  SCV x2  
  108  8:56  Supply Depot  
  108  8:57  SCV  
  109  9:16  Supply Depot  
  109  9:17  Viking x2  
  109  9:18  SCV x3  
  116  9:26  Supply Depot  
  116  9:27  Terran Vehicle And Ship Armor Level 2  
  116  9:30  SCV  
  117  9:37  SCV, Thor  
  124  9:40  Supply Depot  
  124  9:41  Supply Depot  
  124  9:47  Thor, Viking  
  124  9:50  SCV  
  133  9:54  Command Center  
  133  10:01  Thor, Viking  
  133  10:02  SCV  
  142  10:09  SCV x2  
  144  10:16  Supply Depot  
  144  10:19  Viking  
  144  10:20  Supply Depot  
  146  10:25  Supply Depot  
  146  10:26  Terran Vehicle Weapons Level 3  
  146  10:34  SCV  
  147  10:37  Thor  
  147  10:40  Supply Depot  
  147  10:41  Thor x2  
  163  11:00  Thor  
  169  11:20  Thor  
  169  11:24  Thor x2  
  187  11:42  Thor  
  161  12:03  Thor  
  161  12:07  Thor x2  
  110  12:25  Thor  
  110  12:27  Viking x2  
  114  12:30  Planetary Fortress  
  96  12:46  Thor  
  96  12:50  Siege Tank x2  
  82  13:13  Orbital Command  
  62  13:22  Hellion x2  
Show
View Real Time Build Order
Export as new Build Order

startophone Terran 

Build Orders:  

Get SALT Encoding   

  12  0:00  SCV  
  13  0:13  SCV  
  14  0:19  Supply Depot  
  14  0:25  SCV  
  15  0:40  SCV  
  15  0:42  Barracks  
  16  0:46  Refinery  
  16  0:52  SCV  
  17  1:04  SCV  
  18  1:17  SCV  
  19  1:31  Orbital Command  
  19  1:39  Barracks Reactor  
  19  1:46  Command Center  
  19  1:50  Supply Depot  
  19  2:15  Marine x2, Bunker  
  19  2:18  SCV  
  22  2:23  Factory  
  22  2:30  SCV  
  22  2:33  Marine x2  
  25  2:42  SCV  
  26  2:50  Barracks  
  26  2:51  Marine x2  
  27  2:54  SCV  
  30  3:00  Orbital Command  
  29  3:06  SCV  
  29  3:09  Marine x2  
  32  3:18  SCV  
  33  3:21  Factory Tech Lab  
  33  3:22  Bunker  
  33  3:26  SCV, Marine x2  
  35  3:30  SCV  
  35  3:33  Supply Depot  
  36  3:45  SCV x2  
  38  3:48  Siege Tank  
  38  3:49  Barracks Tech Lab  
  38  3:54  Marine  
  42  3:56  Starport  
  42  3:57  SCV  
  42  3:58  SCV  
  44  4:04  Bunker  
  44  4:09  SCV  
  45  4:10  SCV  
  46  4:22  SCV x2  
  48  4:24  Stimpack  
  48  4:25  Marine  
  48  4:26  Marine x2  
  48  4:29  Supply Depot  
  51  4:32  Refinery  
  51  4:35  Refinery  
  51  4:43  Marine  
  51  4:44  Marine  
  53  4:49  SCV  
  53  4:51  SCV  
  53  4:52  Starport Reactor  
  55  4:57  Marine, Barracks  
  55  4:59  Barracks  
  56  5:01  Marine, Barracks  
  56  5:02  Marine  
  56  5:05  SCV  
  59  5:11  Refinery, Command Center  
  59  5:15  Marine  
  59  5:17  Supply Depot  
  60  5:22  Engineering Bay  
  60  5:26  SCV x2  
  62  5:38  Marine  
  62  5:39  SCV, Marine x2  
  62  5:42  Medivac  
  68  5:48  Medivac  
  70  5:54  Supply Depot, Marine  
  70  5:55  SCV  
  70  5:56  Marine  
  73  5:57  Marine  
  73  5:59  Terran Infantry Weapons Level 1  
  73  6:03  Supply Depot  
  74  6:12  Missile Turret  
  74  6:13  Missile Turret  
  74  6:24  Missile Turret  
  74  6:27  Orbital Command  
  74  6:29  Missile Turret  
  74  6:30  Marine  
  75  6:36  Supply Depot  
  75  6:37  Marine  
  75  6:39  Marine  
  77  6:49  Engineering Bay  
  77  6:52  Marine  
  77  6:53  Marine  
  81  6:59  Barracks Reactor  
  81  7:00  Barracks Reactor  
  79  7:11  Marine x4  
  83  7:18  Missile Turret  
  83  7:22  Orbital Command  
  83  7:27  Missile Turret  
  82  7:34  Marine x2, Medivac x2  
  82  7:36  Combat Shield  
  88  7:38  Barracks Reactor  
  88  7:41  SCV x2  
  90  7:48  Supply Depot, Missile Turret  
  90  7:49  Marine x2  
  90  7:50  Marine x2  
  94  7:52  Terran Infantry Armor Level 1  
  94  7:53  SCV  
  95  7:59  Armory  
  95  8:03  Missile Turret  
  95  8:05  SCV x2, Refinery  
  97  8:09  SCV  
  97  8:10  Marine  
  97  8:11  Marine x2  
  101  8:17  Supply Depot, SCV  
  101  8:18  Marine x3  
  105  8:24  Marine x3  
  108  8:28  Marine x2, Missile Turret  
  108  8:31  Marine  
  111  8:34  Medivac  
  111  8:36  Marine x3  
  116  8:42  Marine x3  
  116  8:45  SCV x3  
  116  8:46  Marine x2  
  124  8:49  Marine  
  124  8:50  Refinery  
  124  8:52  Supply Depot, Terran Infantry Weapons Level 2  
  124  8:54  Marine x3  
  128  8:59  Supply Depot  
  128  9:03  Marine x2  
  128  9:04  Marine x3  
  133  9:14  Marine x4  
  137  9:21  Marine x4  
  137  9:22  Marine  
  137  9:32  Marine x4  
  137  9:36  Medivac x2  
  137  9:38  SCV x2  
  134  9:39  Marine x4  
  134  9:40  Marine  
  134  9:43  Supply Depot  
  137  9:46  Supply Depot  
  137  9:48  Supply Depot  
  137  9:49  Marine x2  
  139  9:53  Missile Turret  
  139  9:54  Marine x2  
  139  9:57  Marine x2  
  143  10:06  Viking  
  145  10:10  Marine x5  
  145  10:12  Marine x2  
  152  10:14  Marine  
  152  10:20  Marine  
  154  10:27  Marine, Terran Infantry Armor Level 2  
  154  10:28  Marine x4  
  158  10:30  Marine  
  158  10:31  Supply Depot  
  158  10:34  Marine x2  
  162  10:38  Marine  
  162  10:40  Supply Depot  
  163  10:45  Marine, Missile Turret  
  164  10:53  Marine x3  
  164  10:54  Marine x4  
  164  10:56  Marine  
  172  11:00  SCV  
  172  11:03  Marine  
  172  11:04  Supply Depot  
  174  11:08  Missile Turret  
  174  11:11  Marine  
  174  11:12  Barracks  
  174  11:14  Supply Depot  
  174  11:18  Marine x2  
  175  11:22  Marine x5  
  182  11:43  Marine x7  
  129  11:57  Marine x2  
  90  12:02  Marine  
  90  12:03  Marine x2  
  79  12:15  Marauder  
  79  12:16  Barracks Tech Lab  
  79  12:18  Marine x2  
  79  12:19  Marine x2, Barracks  
  79  12:20  Marine  
  76  12:25  Marine  
  76  12:27  Marine x2  
  81  12:37  Marauder  
  81  12:39  Marine x2  
  67  12:52  Marine x2  
  67  12:53  Marine x4  
  63  12:59  Marine  
  63  13:00  Marine x2  
  66  13:10  Marine x3  
  66  13:11  Marine x3  
  72  13:17  Marine x2  
  72  13:18  Marine  
  68  13:28  Marine x4  
Tags
 
Add a new tag
Caveats
  • Supply blocks, unpowered buildings, or Contaminate may cause inaccurate times.
  • Supply counts are checked every 10 seconds.